 Dungeon Crawl Stone Soup version 0.28-a0-906-g0406aca7d3 (webtiles) character file.

Game seed: 2767007188308134157

84 siradein the Vexing (level 4, 11/25 HPs)
             Began as a Deep Elf Arcane Marksman on Nov 23, 2021.
             Quit the game on level 3 of the Dungeon.
             The game lasted 00:05:22 (3485 turns).

siradein the Vexing (Deep Elf Arcane Marksman)      Turns: 3485, Time: 00:05:23

Health: 11/25      AC:  2    Str:  7    XL:     4   Next: 23%
Magic:  10/10      EV: 13    Int: 19    God:
Gold:   31         SH:  0    Dex: 15    Spells: 4/8 levels left

rFire   . . .      SeeInvis .   a - +0 shortbow
rCold   . . .      Faith    .   (shield currently unavailable)
rNeg    . . .      Spirit   .   d - +0 robe
rPois   .          Reflect  .   (no helmet)
rElec   .          Harm     .   (no cloak)
rCorr   +          Rampage  .   (no gloves)
Will    .....                   (no boots)
Stlth   +.........              (no amulet)
HPRegen 0.08/turn               o - ring of resist corrosion
MPRegen 0.12/turn               (no ring)

@: no status effects
A: no striking features
a: no special abilities


You were on level 3 of the Dungeon.
You visited 1 branch of the dungeon, and saw 3 of its levels.

You collected 31 gold pieces.

Inventory:

Hand Weapons
 a - a +0 shortbow (weapon)
Missiles
 c - 18 arrows (quivered ammo)
 h - a throwing net
Armour
 d - a +0 robe (worn)
Jewellery
 o - a ring of resist corrosion (left hand)
Scrolls
 e - a scroll of brand weapon {unknown}
 f - a scroll of blinking {unknown}
 i - 3 scrolls of silence {unknown}
 l - a scroll of enchant weapon {unknown}
 m - 2 scrolls of identify {unknown}
 n - a scroll of fear {unknown}
 p - a scroll of teleportation {unknown}
Potions
 b - a potion of curing
 g - a potion of berserk rage {unknown}
 j - a potion of invisibility {unknown}
 k - a potion of mutation {unknown}


   Skills:
 + Level 1.5 Fighting
 + Level 3.6 Bows
 + Level 3.2 Dodging
 + Level 2.7 Spellcasting
 + Level 4.6 Hexes


You had 4 spell levels left.
You knew the following spells:

 Your Spells              Type           Power      Damage    Failure   Level
a - Slow                  Hex            80%        N/A       2%          1
b - Inner Flame           Hex/Fire       11%        N/A       19%         3

Your spell library contained the following spells:

 Spells                   Type           Power      Damage    Failure   Level
 Magic Dart               Conj           8%         1d3       16%         1
 Portal Projectile        Hex/Tloc       22%        N/A       19%         3
 Cause Fear               Hex            10%        N/A       22%         4
 Call Imp                 Summ           2%         N/A       24%         2
 Mephitic Cloud           Conj/Pois/Air  2%         N/A       43%         3


Dungeon Overview and Level Annotations

Branches:
Dungeon (3/15)

Altars:


Message History

The orc shouts!
The orc seems to slow down.
You hear a shout!
You shoot an arrow.
The arrow hits the orc but does no damage.
An orc comes into view. It is wielding a +0 flail.
You shoot an arrow. The arrow hits the orc.
The orc is lightly wounded.
You shoot an arrow.
The arrow hits the orc but does no damage.
The orc is lightly wounded.
You shoot an arrow.
The arrow hits the orc but does no damage.
The orc is lightly wounded.
You shoot an arrow. The arrow barely misses the orc.
You shoot an arrow. The arrow hits the orc.
The orc is heavily wounded.
The orc barely misses you.
You shoot an arrow.
The arrow hits the orc but does no damage.
The orc is heavily wounded.
You shoot an arrow.
The arrow hits the orc but does no damage.
The orc is heavily wounded.
The orc completely misses you.
You shoot an arrow. The arrow closely misses the orc.
The orc closely misses you. x2
You shoot an arrow. The arrow closely misses the orc.
The orc hits you with a +0 flail.
The orc hits you from afar with a +0 trident.
You shoot an arrow. The arrow closely misses the orc.
The orc hits you with a +0 flail! The orc hits you but does no damage.
You are too injured to fight recklessly!
You are too injured to fight recklessly!
You are too injured to fight recklessly!
You are too injured to fight recklessly!
You are too injured to fight recklessly!
You are too injured to fight recklessly!
Okay, then.
Are you sure you want to abandon this character and quit the game? (Confirm with "yes".)

..(... #.#
...(..##.###
..>.(......
##..#....... ...
#.....(..#.# #.#
#......o.#.# #.#
(........#.# #.#
###.####o#.# #.#
#@#.# #.# ## #.#.#
#.# #...#.#.#####.#
##...#.#.......#
...............######
###...#.#####........
..'.....#####..######
###>..##........#
#... #........#


You could see 2 orcs.

Vanquished Creatures
  4 gnolls (D:2)
  2 dart slugs
  3 orcs (D:3)
  4 ball pythons
  4 bats
  4 endoplasms
  3 goblins
  2 hobgoblins
  5 jackals
  3 kobolds
  2 rats
36 creatures vanquished.

Notes
Turn   | Place    | Note
-------+----------+-------------------------------------------
     0 | D:1      | siradein the Deep Elf Arcane Marksman began the quest for
                  | the Orb.
     0 | D:1      | Reached XP level 1. HP: 11/11 MP: 5/5
   619 | D:1      | Reached skill level 1 in Fighting
   654 | D:1      | Reached XP level 2. HP: 16/16 MP: 6/6
  1763 | D:2      | Reached XP level 3. HP: 20/20 MP: 8/8
  1767 | D:2      | Learned a level 3 spell: Inner Flame
  2303 | D:2      | Reached XP level 4. HP: 25/25 MP: 9/9
  2872 | D:2      | Found a faded altar of an unknown god.
  2990 | D:3      | HP: 1/25 [orc (4)]
  3485 | D:3      | Quit the game

Illustrated notes

Levels and vault maps discovered:
D:1:      eino_arrival_druids_welcome, layout_basic
D:2:      layout_basic, shapermc_ecumenical_altar_mp_urbaneastern, minivault_25
D:3:      layout_basic, uniq_natasha

Skill      XL: |  1  2  3 |
---------------+----------+-----
Fighting       | 1 |  1.5
Bows           | 3 |  3.6
Spellcasting   | 2 |  2.7
Dodging        | 3 |  3.2
Hexes          | |  4.6

Action                   |  1- 3 |  4- 6 || total
-------------------------+-------+-------++-------
 Fire: Shortbow          |   115 |    46 ||   161
 Cast: Slow              |     7 |     6 ||    13
       Inner Flame       |     1 |       ||     1
Armor: Robe              |     8 |     2 ||    10
Dodge: Dodged            |    56 |    14 ||    70

Table legend: (Time is in decaauts)
 A = Elapsed time spent in this place.
 B = Non-inter-level travel time spent in this place.
 C = Inter-level travel time spent in this place.
 D = Time resting spent in this place.
 E = Time spent auto-exploring this place.
 F = Levels seen in this place.
 G = Mean time per level.
                   A        B        C        D        E       F      G
               +--------+--------+--------+--------+--------+-----+--------+
         Total |   3506 |   3405 |    101 |      0 |   2997 |   3 | 1168.7 |
       Dungeon |   3506 |   3405 |    101 |      0 |   2997 |   3 | 1168.7 |
               +--------+--------+--------+--------+--------+-----+--------+

Top non-repeatable levels by time:
     D:2: 1647 daAuts
     D:1: 1268 daAuts
     D:3: 591 daAuts
